AoeStats
← 貓妖

Arena

510744933Analyzed
1v1 RM · 1d ago on Oct 2, 2026· 42m 18s· 2 players
Game mode
Random Map
Map size
Tiny (2 player)
Population
200
Speed
Normal
Resources
Standard
Victory
Conquest
Starting age
Dark Age
Ending age
Imperial Age
RankedLock teamsTeams togetherTeam positionsShared explorationLock speedFull tech treeHidden civsTurbo modeCheats
Victory
Defeat
🇹🇼 Vikings · Taiwan
1165
+14
🇹🇼 Mongols · Taiwan
1112
-14
貓妖
10:10 Feudal Age
14:21 Castle Age
13:03 Double-Bit Axe
13:27 Horse Collar
17:32 Gold Mining
19:00 Fletching
22:38 Fervor
22:39 Heavy Plow
22:56 Bow Saw
24:23 Stone Mining
25:21 Gold Shaft Mining
29:10 Imperial Age
26:26 Loom
26:50 Padded Archer Armor
26:19 Elite Skirmisher
27:32 Bodkin Arrow
28:25 Leather Archer Armor
28:30 Town Watch
29:50 Ballistics
30:01 Bracer
30:32 Ring Archer Armor
31:05 Chemistry
32:21 Crop Rotation
33:10 Two-Man Saw
34:39 Conscription
33:39 Elite Berserk
34:23 Scale Mail Armor
34:56 Forging
35:20 Chain Mail Armor
36:11 Chieftains
36:52 Squires
38:07 Plate Mail Armor
38:13 Iron Casting
38:43 Bogsveigar
38:56 Siege Engineers
38:33 Treadmill Crane
41:03 Blast Furnace
40:13 Arson
HoNgGAn
7:53 Loom
9:38 Feudal Age
13:13 Double-Bit Axe
15:35 Castle Age
13:42 Double-Bit Axe
14:09 Horse Collar
24:18 Heavy Plow
24:31 Bow Saw
26:23 Wheelbarrow
27:14 Gold Mining
30:31 Imperial Age
28:54 Gold Shaft Mining
29:18 Hand Cart
29:29 Stone Mining
29:49 Fletching
30:14 Husbandry
31:29 Ballistics
31:33 Bodkin Arrow
31:44 Scale Barding Armor
31:55 Bloodlines
32:39 Conscription
31:51 Light Cavalry
35:35 Chain Barding Armor
38:19 Elite Steppe Lancer
40:04 Forging
39:55 Bracer
41:32 Stone Shaft Mining
41:18 Elite Skirmisher
Connection lost

Rejoining the realm…

Still unreachable

The connection could not be restored.

Session expired

The server has moved on; the page needs a fresh start.